Map: Sludge City

Players

Ramsey - Winner!

  • Race: Terran Terran
  • Spawn Location: 9:00

RodrigoF - Winner!

  • Race: Protoss Protoss
  • League: Gold
  • Spawn Location: 11:00

Spoof

  • Race: Terran Terran
  • League: Platinum
  • Spawn Location: 5:00

Grumm

  • Race: Terran Terran
  • League: Gold
  • Spawn Location: 5:00

VOD

Have the link to the VOD?

Description

Time

  • Played on: Feb. 19, 2016, 1:43 p.m.
  • Length: 15:07
Show
View Real Time Build Order
Export as new Build Order

Ramsey Terran - Winner!

Build Orders: Bio Tank 

Get SALT Encoding   

  12  0:01  SCV  
  13  0:13  SCV  
  14  0:24  Supply Depot  
  14  0:27  SCV  
  15  0:45  SCV  
  15  0:47  Barracks  
  16  0:50  Refinery  
  16  1:00  SCV  
  17  1:12  SCV  
  18  1:24  SCV  
  19  1:36  SCV  
  19  1:39  Command Center  
  20  1:48  Supply Depot  
  21  1:54  SCV  
  21  2:02  Refinery  
  21  2:06  Orbital Command  
  21  2:14  Barracks Tech Lab  
  20  2:31  SCV  
  20  2:35  Reaper  
  22  2:43  SCV  
  22  2:44  Factory  
  23  2:54  Orbital Command  
  23  2:55  SCV  
  24  3:08  Marauder, SCV  
  27  3:20  SCV x2  
  27  3:21  Barracks  
  27  3:26  Refinery  
  29  3:32  SCV  
  30  3:39  Factory Tech Lab  
  30  3:40  Starport  
  30  3:41  SCV  
  30  3:44  SCV  
  32  3:50  Supply Depot  
  32  3:56  SCV  
  32  3:58  Siege Tank  
  36  4:08  Engineering Bay, SCV  
  36  4:09  Barracks Reactor  
  37  4:10  Engineering Bay  
  37  4:13  Armory  
  37  4:14  SCV  
  38  4:20  Starport Reactor, SCV  
  38  4:23  Marauder  
  41  4:25  Stimpack  
  41  4:26  SCV  
  41  4:28  Refinery  
  42  4:32  SCV  
  42  4:38  SCV  
  44  4:39  Missile Turret  
  44  4:41  Supply Depot  
  44  4:47  Supply Depot, Marine  
  44  4:48  Marine  
  44  4:50  SCV, Siege Tank  
  50  4:59  SCV  
  51  5:02  Missile Turret, SCV  
  51  5:04  Medivac  
  54  5:09  Supply Depot  
  54  5:10  Marine x2  
  54  5:11  Sensor Tower  
  56  5:17  Medivac  
  58  5:22  Marauder  
  58  5:23  SCV  
  58  5:25  SCV  
  58  5:28  Marine x2  
  64  5:34  Terran Infantry Armor Level 1, Terran Infantry Weapons Level 1  
  63  5:41  Barracks  
  63  5:44  Marauder  
  63  5:45  Barracks  
  63  5:48  Marine x2  
  67  6:02  Siege Tank  
  70  6:05  SCV  
  70  6:06  Marine  
  70  6:11  Marauder, Marine  
  75  6:12  Factory  
  75  6:14  Medivac  
  75  6:17  SCV  
  78  6:23  Supply Depot  
  78  6:28  Combat Shields  
  78  6:30  Supply Depot, Barracks Reactor  
  78  6:44  Medivac, Marine  
  81  6:48  Barracks Tech Lab  
  81  6:51  Factory  
  81  6:53  Siege Tank  
  84  7:03  Supply Depot  
  84  7:05  Terran Vehicle Weapons Level 1  
  84  7:07  Supply Depot, SCV  
  85  7:09  SCV  
  85  7:11  Command Center  
  86  7:16  Factory Tech Lab  
  86  7:18  Marauder  
  86  7:19  SCV  
  86  7:20  Marine x2  
  86  7:21  SCV  
  86  7:22  Marine  
  93  7:27  Siege Tank  
  96  7:31  Medivac  
  98  7:38  Factory Tech Lab  
  98  7:42  SCV  
  99  7:54  SCV  
  100  8:06  SCV  
  82  8:27  Marine x3  
  82  8:28  Marauder x2, Marine, Siege Tank  
  82  8:29  Siege Tank, Thor  
  101  8:47  Starport  
  101  8:49  Marauder  
  101  8:50  Missile Turret, Planetary Fortress  
  101  8:51  Missile Turret  
  101  8:53  Missile Turret  
  101  8:54  SCV  
  104  8:56  Missile Turret  
  104  9:03  Terran Vehicle Weapons Level 2  
  104  9:06  SCV  
  105  9:14  Supply Depot  
  105  9:16  Supply Depot, Thor  
  111  9:17  Marine x5  
  111  9:18  Marine  
  111  9:23  Concussive Shells  
  117  9:30  Starport Reactor  
  117  9:35  Refinery  
  117  9:36  Refinery, SCV  
  121  9:45  Siege Tank  
  121  9:48  SCV  
  121  9:50  Marine  
  121  9:51  Marine x5  
  128  10:00  SCV  
  128  10:07  Thor  
  128  10:08  Marine x2  
  128  10:09  Viking, Marine, Marauder  
  141  10:20  Supply Depot  
  141  10:21  Supply Depot  
  141  10:27  Supply Depot  
  141  10:37  Missile Turret  
  141  10:42  Medivac, Viking, SCV, Marauder  
  148  10:44  Marine  
  149  10:53  Terran Infantry Weapons Level 2  
  149  10:54  SCV  
  150  10:58  Terran Infantry Armor Level 2  
  150  11:06  SCV  
  151  11:18  SCV  
  152  11:30  SCV  
  153  11:47  Command Center  
  153  11:54  Command Center  
  153  12:00  Sensor Tower  
  153  12:05  Missile Turret  
  153  12:06  Missile Turret  
  153  12:07  SCV  
  154  12:19  SCV  
  154  12:20  Terran Vehicle Weapons Level 3  
  155  12:38  Viking  
  155  12:40  Viking  
  159  12:44  Sensor Tower  
  157  13:19  Marine  
  157  13:20  Medivac, Marauder x2, Viking  
  157  13:21  Medivac x2  
  165  13:27  Orbital Command  
  154  13:41  Marauder  
  154  13:44  Marauder, Marine x3  
  154  13:45  Marine  
  156  13:50  Medivac x2  
  160  14:02  Marauder, Marine x2  
  164  14:06  Marauder  
  164  14:07  Marine x2  
  168  14:17  Command Center  
  168  14:24  Marauder  
  170  14:27  Marauder  
  172  14:45  Marauder  
Show
View Real Time Build Order
Export as new Build Order

RodrigoF Protoss - Winner!

Build Orders:  

Get SALT Encoding   

  12  0:01  Probe (Chrono Boost)  
  13  0:12  Probe (Chrono Boost)  
  14  0:20  Pylon  
  14  0:22  Probe (Chrono Boost)  
  15  0:38  Probe (Chrono Boost)  
  15  0:39  Gateway  
  16  0:48  Assimilator  
  16  0:49  Probe (Chrono Boost)  
  17  0:57  Assimilator  
  17  1:00  Probe (Chrono Boost)  
  18  1:04  Pylon  
  18  1:10  Probe (Chrono Boost)  
  19  1:21  Probe (Chrono Boost)  
  20  1:31  Cybernetics Core, Probe (Chrono Boost)  
  21  1:42  Probe (Chrono Boost)  
  22  1:52  Probe (Chrono Boost)  
  23  1:55  Pylon  
  23  2:03  Probe (Chrono Boost)  
  24  2:14  Probe (Chrono Boost)  
  25  2:21  Nexus  
  25  2:25  Probe (Chrono Boost)  
  26  2:34  Stargate  
  26  2:37  Probe (Chrono Boost)  
  27  2:45  Sentry  
  27  2:47  Probe (Chrono Boost)  
  30  2:58  Probe (Chrono Boost)  
  31  3:02  Protoss Air Weapons Level 1  
  31  3:10  Probe (Chrono Boost)  
  32  3:15  Assimilator  
  32  3:17  Void Ray (Chrono Boost)  
  36  3:21  Probe  
  36  3:24  Assimilator  
  37  3:35  Probe  
  38  3:41  Probe  
  38  3:45  Probe  
  40  3:53  Probe  
  41  3:56  Probe  
  41  3:57  Void Ray (Chrono Boost)  
  41  3:59  Sentry  
  48  4:06  Probe  
  49  4:18  Stargate, Probe  
  49  4:20  Pylon  
  50  4:25  Pylon  
  50  4:30  Probe  
  51  4:39  Void Ray (Chrono Boost)  
  51  4:42  Probe  
  51  4:44  Fleet Beacon  
  56  4:56  Protoss Air Armor Level 1  
  56  5:13  Void Ray (Chrono Boost)  
  60  5:15  Void Ray (Chrono Boost)  
  64  5:32  Nexus  
  64  5:36  Assimilator  
  64  5:40  Assimilator  
  64  5:44  Pylon  
  64  5:48  Pylon  
  64  5:51  Pylon  
  64  5:56  Void Ray (Chrono Boost)  
  68  5:58  Mothership Core  
  68  6:02  Void Ray (Chrono Boost)  
  68  6:03  Pylon  
  74  6:06  Pylon  
  74  6:09  Pylon  
  74  6:11  Pylon  
  74  6:16  Pylon  
  74  6:20  Pylon  
  78  6:33  Void Ray (Chrono Boost)  
  78  6:39  Void Ray (Chrono Boost), Cybernetics Core  
  82  6:43  Forge  
  82  6:57  Probe  
  83  7:07  Probe  
  83  7:10  Void Ray (Chrono Boost)  
  88  7:17  Void Ray (Chrono Boost)  
  88  7:18  Probe  
  99  7:34  Protoss Air Weapons Level 2  
  99  7:40  Photon Cannon  
  99  7:42  Photon Cannon  
  99  7:45  Void Ray (Chrono Boost)  
  99  7:46  Photon Cannon  
  99  7:47  Photon Cannon  
  103  7:53  Void Ray (Chrono Boost)  
  107  8:01  Protoss Air Armor Level 2  
  107  8:10  Protoss Shields Level 1 (Chrono Boost)  
  107  8:28  Void Ray x2  
  115  8:42  Stargate  
  115  8:45  Pylon  
  115  8:52  Pylon  
  115  8:55  Pylon  
  117  9:05  Void Ray x2  
  123  9:36  Void Ray  
  127  9:42  Void Ray  
  127  9:43  Void Ray  
  135  10:02  Protoss Air Weapons Level 3  
  135  10:19  Void Ray  
  135  10:20  Void Ray x2 (Chrono Boost)  
  147  10:36  Protoss Air Armor Level 3  
  147  11:02  Void Ray (Chrono Boost)  
  147  11:03  Void Ray x2 (Chrono Boost)  
  159  11:16  Pylon  
  159  11:19  Pylon  
  163  11:40  Void Ray (Chrono Boost)  
  163  11:41  Void Ray (Chrono Boost)  
  171  11:47  Void Ray (Chrono Boost)  
  171  11:55  Pylon  
  171  12:17  Void Ray (Chrono Boost)  
  171  12:18  Void Ray (Chrono Boost)  
  179  12:24  Void Ray (Chrono Boost)  
  183  12:31  Twilight Council  
  183  12:54  Void Ray (Chrono Boost)  
  183  13:21  Void Ray x2 (Chrono Boost)  
  191  13:32  Void Ray (Chrono Boost)  
  163  13:58  Void Ray (Chrono Boost)  
Show
View Real Time Build Order
Export as new Build Order

Spoof Terran 

Build Orders: Command Center First (CC) 

Get SALT Encoding   

  12  0:03  SCV  
  13  0:15  SCV  
  13  0:20  Supply Depot  
  14  0:27  SCV  
  15  0:42  SCV  
  16  0:54  SCV  
  17  1:04  Command Center  
  17  1:06  SCV  
  18  1:22  Refinery, Barracks  
  18  1:27  Refinery  
  18  1:29  SCV  
  19  2:01  SCV  
  21  2:22  Orbital Command  
  20  2:26  Orbital Command  
  20  2:32  Factory  
  20  2:40  Supply Depot  
  20  2:41  Barracks Tech Lab  
  20  2:45  Factory  
  20  2:52  SCV  
  20  2:53  SCV  
  22  3:05  SCV  
  23  3:06  Barracks Reactor  
  24  3:12  SCV  
  24  3:17  SCV  
  25  3:26  Armory  
  25  3:33  Siege Tank  
  28  3:34  Supply Depot  
  28  3:43  SCV x2  
  30  3:55  SCV x2  
  32  3:57  Barracks Reactor  
  32  3:59  Refinery x2  
  32  4:05  Engineering Bay  
  32  4:07  SCV  
  32  4:08  Siege Tank  
  36  4:14  Hellbat x2  
  40  4:22  SCV x2  
  42  4:32  Sensor Tower  
  42  4:34  SCV  
  42  4:36  Hellbat x2  
  47  4:40  Siege Tank  
  50  4:51  Missile Turret, SCV x2  
  52  5:03  SCV  
  52  5:04  SCV  
  54  5:11  Missile Turret  
  54  5:12  Missile Turret  
  54  5:22  Starport  
  54  5:28  Thor  
  60  5:36  Supply Depot  
  60  5:37  Missile Turret  
  60  5:38  Hi-Sec Auto Tracking  
  60  5:41  Hellbat  
  62  5:50  Supply Depot  
  62  5:52  Terran Ship Weapons Level 1  
  62  5:58  Hellbat  
  64  6:07  Viking  
  64  6:11  Barracks Reactor  
  66  6:16  Viking  
  68  6:23  Hellbat x2  
  72  6:27  Supply Depot  
  72  6:32  Supply Depot  
  72  6:33  Missile Turret  
  72  6:39  Command Center  
  72  6:48  Siege Tank  
  72  6:50  Hellbat x2  
  79  6:54  Viking  
  79  6:55  Viking  
  79  6:56  Sensor Tower  
  79  7:00  SCV  
  79  7:01  SCV  
  85  7:10  Supply Depot  
  85  7:13  SCV  
  86  7:28  Siege Tank  
  86  7:29  Hellbat x2  
  93  7:32  SCV  
  93  7:33  SCV  
  93  7:34  Supply Depot  
  96  7:44  SCV  
  96  7:48  Missile Turret  
  96  8:04  Missile Turret  
  96  8:10  Factory  
  82  8:23  SCV x2  
  77  8:32  Missile Turret  
  77  8:35  SCV x2  
  79  8:41  Missile Turret  
  79  8:44  Planetary Fortress  
  79  8:46  Missile Turret  
  79  8:47  SCV x2  
  81  8:53  Siege Tank  
  81  8:55  Hellbat x2  
  88  8:57  Factory Tech Lab  
  88  8:59  SCV x2  
  88  9:00  Viking  
  88  9:02  Viking  
  94  9:11  SCV x2  
  96  9:22  SCV  
  96  9:23  SCV x2  
  99  9:34  SCV  
  99  9:35  SCV x2  
  102  9:45  Sensor Tower  
  102  9:46  SCV  
  102  9:47  SCV  
  102  9:48  SCV  
  105  9:55  Siege Tank  
  105  9:56  Siege Tank  
  105  9:57  Hellbat  
  105  9:58  SCV, Hellbat  
  117  10:00  SCV x2  
  117  10:04  Supply Depot  
  117  10:06  Supply Depot  
  118  10:08  Missile Turret  
  118  10:10  SCV  
  118  10:12  SCV x2  
  121  10:15  Missile Turret  
  121  10:19  Hellbat x2  
  125  10:25  Terran Vehicle Weapons Level 1  
  125  10:26  SCV x3  
  128  10:33  Supply Depot  
  128  10:36  Supply Depot  
  128  10:39  Viking x2  
  132  10:56  Factory, Refinery  
  132  10:59  Refinery  
  132  11:05  Missile Turret x2  
  132  11:06  SCV x3  
  132  11:07  Missile Turret  
  132  11:08  Supply Depot  
  132  11:10  Supply Depot  
  135  11:15  Armory  
  135  11:20  Siege Tank x2  
  135  11:22  Hellbat  
  135  11:23  Hellbat  
  135  11:25  Viking x2  
  149  11:47  Command Center  
  149  11:48  Command Center  
  149  11:51  Factory Reactor  
  149  11:56  Siege Tank x2  
  149  11:57  Hellbat x2  
  159  12:15  SCV x3  
  162  12:19  Hellbat  
  164  12:27  SCV x2  
  166  12:58  Missile Turret  
  74  13:20  Missile Turret  
  74  13:23  Thor  
  74  13:24  Thor  
  74  13:27  Viking x2  
  76  13:57  Viking x2  
Show
View Real Time Build Order
Export as new Build Order

Grumm Terran 

Build Orders: Reaper Expand, Mech 

Get SALT Encoding   

  12  0:02  SCV  
  13  0:14  SCV  
  14  0:28  Supply Depot, SCV  
  15  0:35  Refinery  
  15  0:50  Engineering Bay  
  15  0:54  Barracks  
  15  0:57  SCV  
  16  1:09  SCV  
  17  1:19  Refinery  
  17  1:21  SCV  
  18  1:50  Command Center  
  18  1:54  Reaper  
  19  1:57  SCV  
  20  2:10  Orbital Command  
  20  2:29  Supply Depot  
  20  2:49  Command Center  
  20  2:57  Marine  
  21  3:10  Factory  
  21  3:15  Sensor Tower  
  21  3:17  SCV  
  22  3:23  Planetary Fortress  
  22  3:36  SCV  
  23  3:48  SCV  
  24  3:53  Barracks  
  24  4:00  SCV  
  25  4:03  Missile Turret  
  25  4:08  Widow Mine  
  27  4:10  Marine  
  27  4:12  SCV x2  
  30  4:22  Orbital Command  
  30  4:24  SCV  
  31  4:31  Missile Turret  
  31  4:41  Marine  
  32  4:50  Hellion  
  34  4:54  Hi-Sec Auto Tracking  
  34  4:56  SCV  
  34  4:59  Refinery, Marine  
  36  5:01  Refinery  
  36  5:07  Factory  
  36  5:11  Factory Tech Lab  
  36  5:13  Barracks Tech Lab  
  36  5:33  SCV  
  36  5:35  SCV x2  
  39  5:39  Refinery  
  39  5:41  Refinery  
  39  5:45  SCV  
  39  5:46  Reaper  
  39  5:47  SCV x2  
  44  5:50  Barracks Tech Lab  
  43  5:57  SCV  
  43  5:59  SCV x2  
  46  6:09  SCV  
  47  6:11  SCV x2  
  47  6:13  Siege Tank  
  47  6:18  Marauder  
  54  6:19  Factory  
  54  6:20  Factory Tech Lab  
  54  6:21  SCV  
  54  6:23  SCV x2  
  57  6:29  Terran Infantry Weapons Level 1  
  57  6:33  SCV  
  57  6:35  SCV x2  
  60  6:48  SCV  
  60  6:49  Supply Depot  
  60  6:50  Supply Depot  
  60  6:54  Marauder  
  63  6:57  SCV  
  63  6:58  SCV, Siege Tank  
  68  7:02  Combat Shields  
  68  7:03  Concussive Shells  
  68  7:05  SCV  
  69  7:08  Supply Depot  
  69  7:10  SCV  
  69  7:11  Supply Depot, Hellion  
  72  7:17  SCV  
  72  7:18  Starport  
  72  7:21  Starport  
  73  7:23  Starport, SCV  
  73  7:29  SCV  
  75  7:32  SCV, Hellion  
  75  7:35  Missile Turret, SCV  
  79  7:40  Liberator  
  79  7:41  SCV  
  79  7:42  Armory  
  80  7:44  SCV, Armory  
  80  7:46  Stimpack  
  80  7:48  SCV  
  80  7:49  Supply Depot  
  82  7:52  Supply Depot  
  82  7:55  Supply Depot  
  85  8:01  Fusion Core  
  85  8:05  Viking  
  87  8:06  Starport Tech Lab  
  87  8:10  Supply Depot  
  87  8:14  Supply Depot  
  87  8:28  Missile Turret  
  87  8:35  Viking, Missile Turret  
  87  8:37  Supply Depot  
  89  8:50  Starport Tech Lab  
  89  8:54  Supply Depot  
  89  9:00  Supply Depot  
  89  9:08  Terran Vehicle And Ship Armor Level 1  
  89  9:13  Armory  
  89  9:20  Supply Depot, SCV  
  89  9:22  Supply Depot, Terran Vehicle Weapons Level 1  
  90  9:27  Battlecruiser x2  
  90  9:29  Starport Tech Lab  
  102  9:37  Marauder x2  
  106  9:39  Thor  
  106  9:43  Thor  
  118  9:58  Marauder, Marine  
  119  10:08  Medivac  
  121  10:15  Marine  
  121  10:19  Marine  
  123  10:31  Battlecruiser  
  123  10:33  Factory Tech Lab  
  123  10:35  Thor x2  
  135  10:38  Medivac, Marine x2  
  145  10:43  Command Center  
  145  10:44  Supply Depot  
  145  10:46  Command Center  
  145  10:56  Marine x2  
  148  11:11  SCV  
  148  11:13  Marine  
  148  11:14  Marine  
  148  11:17  SCV  
  151  11:21  Viking  
  151  11:22  Viking  
  151  11:25  Advanced Ballistics  
  155  11:31  Marine  
  156  11:35  Viking  
  156  11:39  Terran Vehicle Weapons Level 2  
  158  11:40  Terran Vehicle And Ship Armor Level 2  
  158  11:43  Terran Ship Weapons Level 1  
  158  11:45  Weapon Refit  
  158  11:51  Viking  
  160  12:00  Missile Turret  
  160  12:01  Planetary Fortress  
  160  12:07  Refinery, Thor  
  166  12:08  Refinery  
  166  12:12  Siege Tank  
  166  12:14  Marine x2  
  171  12:21  Planetary Fortress  
  171  12:23  Missile Turret  
  171  12:26  Refinery  
  171  12:28  Behemoth Reactor  
  171  12:32  Supply Depot, Marine x2  
  173  12:44  Refinery  
  173  12:50  Marine x2  
  175  12:53  Building Armor  
  175  12:57  Battlecruiser  
  181  13:01  Raven  
  183  13:23  Viking  
  159  13:44  Viking  
  87  13:53  Viking  
  89  14:01  Viking  
  89  14:02  Starport x2  
  91  14:03  Starport  
  91  14:14  Viking  
  93  14:23  Viking  
  95  14:30  Viking  
Tags
 
Add a new tag
Caveats
  • Supply blocks, unpowered buildings, or Contaminate may cause inaccurate times.
  • Supply counts are checked every 10 seconds.